 Dungeon Crawl Stone Soup version 0.28-a0-407-g69098e2f6d (webtiles) character file.

Game seed: 820467756276550064

175 ytrimaz the Distorting Demonspawn (level 5, -4/42 HPs)
             Began as a Demonspawn Abyssal Knight on Sept 5, 2021.
             Was a Believer of Lugonu.
             Slain by an orc (6 damage)
             ... on level 3 of the Dungeon.
             The game lasted 00:05:49 (4346 turns).

ytrimaz the Distorting Demonspawn (DsAK)            Turns: 4346, Time: 00:05:49

Health: -4/42      AC:  5    Str: 13    XL:     5   Next: 29%
Magic:  8/8        EV: 11    Int: 13    God:    Lugonu [**....]
Gold:   38         SH:  0    Dex: 13    Spells: 4/4 levels left

rFire   . . .      SeeInvis .   a - +1 mace (flame)
rCold   . . .      Faith    .   (no shield)
rNeg    . . .      Spirit   .   b - +1 leather armour
rPois   .          Reflect  .   (no helmet)
rElec   .          Harm     .   k - +0 cloak
rCorr   .          Rampage  .   (no gloves)
Will    .....                   (no boots)
Stlth   +.........              g - amulet of the acrobat
HPRegen 0.14/turn               (no ring)
MPRegen 0.11/turn               (no ring)

@: confused, on berserk cooldown, slowed, very slow
A: condensation shield
a: Renounce Religion, Depart the Abyss, Bend Space


You were on level 3 of the Dungeon.
You worshipped Lugonu.
Lugonu was pleased with you.
You visited 1 branch of the dungeon, and saw 3 of its levels.
You visited the Abyss 1 time.

You collected 110 gold pieces.
You spent 72 gold pieces at shops.

Inventory:

Hand Weapons
 a - a +1 mace of flaming (weapon)
Armour
 b - a +1 leather armour (worn)
 k - a +0 cloak (worn)
Magical Staves
 c - a staff of air
Jewellery
 d - an amulet of magic regeneration
 e - a ring of ice
 g - an amulet of the acrobat (around neck)
 l - an amulet of regeneration
Potions
 i - a potion of brilliance


   Skills:
 + Level 4.0 Fighting
 + Level 3.1 Maces & Flails
 + Level 2.6 Armour
 - Level 0.9 Dodging
 - Level 0.2 Stealth
 * Level 4.0 Invocations


You had 4 spell levels left.
You didn't know any spells.
Your spell library contained the following spells:

 Spells                   Type           Power      Damage    Failure   Level
 Foxfire                  Conj/Fire      0%         2x1d4     36%         1
 Conjure Flame            Conj/Fire      0%         6-21      75%         3
 Inner Flame              Hex/Fire       0%         N/A       75%         3
 Ozocubu's Armour         Ice            0%         N/A       75%         3
 Flame Wave               Conj/Fire      0%         3d3       98%         4
 Metabolic Englaciation   Hex/Ice        0%         N/A       100%        5
 Simulacrum               Ice/Necr       0%         N/A       100%        6


Dungeon Overview and Level Annotations

Branches:
Dungeon (3/15)

Altars:
Elyvilon
Gozag
Hepliaklqana
Kikubaaqudgha
Sif Muna
Wu Jian
Yredelemnul

Shops:
D:3 *


Innate Abilities, Weirdness & Mutations

A meltable shield of frost defends you. (SH +4)


Message History

* * * LOW HITPOINT WARNING * * *
The orc wizard casts a spell at you. The puff of flame misses you.
As you read the scroll of fear, it crumbles to dust.
You assume a fearsome visage.
The orc wizard looks frightened!
The orc wizard casts a spell.
The orc wizard flickers and vanishes!
Deactivating autopickup; reactivate with Ctrl-A.
The orc closely misses you. Something misses you. Something barely misses you.
Something misses you.
You hear some strange, mumbled words.
You are confused.
There is an open door here.
You bump into the rock wall.
Something hits you but does no damage.
Unknown command.
You bump into the rock wall.
The orc hits you but does no damage. Something hits you but does no damage.
The orc barely misses you.
Unknown command.
You're too confused to move!
Something hits you.
* * * LOW HITPOINT WARNING * * *
The orc barely misses you. Something hits you.
* * * LOW HITPOINT WARNING * * *
You feel less confused.
Something is blocking the doorway!
You hear some strange, mumbled words.
You are confused.
The orc hits you from afar with a +0 trident.
* * * LOW HITPOINT WARNING * * *
Something hits you.
* * * LOW HITPOINT WARNING * * *
You're too confused to move!
The orc hits you but does no damage. Something hits you but does no damage.
The orc misses you.
You bump into the rock wall.
Something hits you but does no damage. The orc hits you but does no damage.
Something hits you.
* * * LOW HITPOINT WARNING * * *
Unknown command.
You bump into the rock wall.
The orc hits you from afar with a +0 trident.
You die...

#..# #.#....##... #..###
#.#......... #....'..
###.#..#.##... ##.###..
#...#..#.##... #...#.#
#.#.#..#..#.(. ###)#.#
#####'#.#..#..#... ####.#.#
#.......#..#..#... #..oo#.#
#.......#.........
#.####.######@....[.#.##..#.#.
#..........o{.................
#########.######......##.#.......
..........##............∩........
.###########.#############.......
............#...............
......#.###.####.####.......
#####.#.# #.#....#####.####. #
#.# #.##.#............


You could see an orc.

Vanquished Creatures
  A hound (D:3)
  Jessica (D:3)
  3 gnolls
  2 adders
  A worm (D:3)
  2 dart slugs (D:3)
  An orc (D:3)
  5 ball pythons
  7 endoplasms
  2 giant cockroaches
  5 goblins
  8 hobgoblins
  2 jackals (D:1)
  3 kobolds (D:1)
  5 quokkas
  9 bats
  2 rats
59 creatures vanquished.

Notes
Turn   | Place    | Note
-------+----------+-------------------------------------------
     0 | Abyss:1  | ytrimaz the Demonspawn Abyssal Knight began the quest for
                  | the Orb.
     0 | Abyss:1  | Reached XP level 1. HP: 18/18 MP: 2/2
    43 | Abyss:1  | Found a corrupted altar of Lugonu.
   145 | Abyss:1  | Noticed a large abomination
   146 | D:1      | Escaped the Abyss
   605 | D:1      | Reached * piety under Lugonu
   678 | D:1      | Gained mutation: A meltable shield of frost defends you.
                  | (SH +4) [demonic ancestry]
   678 | D:1      | Reached XP level 2. HP: 24/24 MP: 2/4
  1465 | D:2      | Found a faded altar of an unknown god.
  2137 | D:2      | Reached XP level 3. HP: 29/29 MP: 5/5
  2741 | D:1      | Reached XP level 4. HP: 14/37 MP: 6/6
  3583 | D:3      | Found a hazy altar of Hepliaklqana.
  3590 | D:3      | Found an ornate altar of the Wu Jian Council.
  3591 | D:3      | Found a shimmering blue altar of Sif Muna.
  3592 | D:3      | Found an opulent altar of Gozag.
  3593 | D:3      | Found an ancient bone altar of Kikubaaqudgha.
  3594 | D:3      | Found a basalt altar of Yredelemnul.
  3698 | D:3      | Noticed Jessica
  3714 | D:3      | Killed Jessica
  3904 | D:3      | Reached XP level 5. HP: 31/42 MP: 6/8
  3987 | D:3      | Found Baofyj's Assorted Antiques.
  3995 | D:3      | Bought a scroll labelled XOFO HIEGEWAKHIT for 24 gold
                  | pieces
  3995 | D:3      | Bought a scroll labelled VOJ MERGHAOMN for 24 gold pieces
  3995 | D:3      | Bought a scroll labelled PUENKE TODEW for 24 gold pieces
  4155 | D:3      | Reached ** piety under Lugonu
  4345 | D:3      | HP: 1/42 [something (3)]
  4346 | D:3      | Slain by an orc

Illustrated notes

Levels and vault maps discovered:
D:1:      heliophobic_arrival_glass_houses, layout_loops_ring
D:2:      layout_basic, shapermc_ecumenical_altar_pompeii
D:3:      layout_basic, demons_altar, minitemple, serial_shops, shop,
          chequers_serial_rivers_micro_a, serial_bayou_pond_a, uniq_jessica

Skill      XL: |  1  2  3  4 |
---------------+-------------+-----
Invocations    | 3 4 |  4.0
Armour         | 2 |  2.6
Maces & Flails | 2 3 |  3.1
Fighting       | 4 |  4.0
Dodging        | |  0.9
Stealth        | |  0.2

Action                   |  1- 3 |  4- 6 || total
-------------------------+-------+-------++-------
Melee: Mace              |   109 |    82 ||   191
Invok: Depart the Abyss  |     1 |       ||     1
  Use: Scroll            |     5 |     6 ||    11
       Potion            |       |     2 ||     2
 Stab: Sleeping          |     2 |       ||     2
Armor: Leather armour    |    39 |    40 ||    79
Dodge: Dodged            |    89 |    70 ||   159
Block: Other             |    29 |    17 ||    46

Table legend: (Time is in decaauts)
 A = Elapsed time spent in this place.
 B = Non-inter-level travel time spent in this place.
 C = Inter-level travel time spent in this place.
 D = Time resting spent in this place.
 E = Time spent auto-exploring this place.
 F = Levels seen in this place.
 G = Mean time per level.
                   A        B        C        D        E       F      G
               +--------+--------+--------+--------+--------+-----+--------+
         Total |   4411 |   4381 |     30 |   1433 |   2253 |   4 | 1102.8 |
       Dungeon |   4265 |   4235 |     30 |   1433 |   2124 |   3 | 1421.7 |
         Abyss |    146 |    146 |      0 |      0 |    129 |   1 |  146.0 |
               +--------+--------+--------+--------+--------+-----+--------+

Top non-repeatable levels by time:
     D:1: 2055 daAuts
     D:2: 1387 daAuts
     D:3: 822 daAuts
 Abyss:1: 146 daAuts
